[ AOE2 MATCH · #465065333 ]
1v1 RMDravidians vs Khitans
Player's team · WIN
Rival team · LOSS
[ REPLAY ANALYSIS · EXTRACTED FROM THE RECORDED GAME ]
Feudal
11:06
Castle
23:20
Imperial
37:48
| APM avg | 13.8 |
| APM peak | 42 |
| eAPM avg | 10.6 |
| Villagers / military | 71 / 56 |
Focus
⚔️ 23.1% · 🌾 76.9%
Battle Elephant ×30 · Armored Elephant ×12 · Monk ×5 · Elephant Archer ×4 · Trebuchet (Packed) ×3 · Scout Cavalry ×2
Feudal
—
Castle
—
Imperial
—
| APM avg | 8.9 |
| APM peak | 21 |
| eAPM avg | 7.7 |
| Villagers / military | 74 / 58 |
Focus
⚔️ 21.7% · 🌾 78.3%
Fire Lancer ×54 · Monk ×2 · Trebuchet (Packed) ×2
Match map
Initial resources + every placement click. Lines = walls · curves = elevation contours. ◆ gold · ⬟ stone · ● berries · ✦ relic · ◌ wall gap
Your base· ✓ Closed at 23:20 · 0t walls · 2 gate(s)
Sir420Sm0keAl0t's base· ✓ Closed at 17:29 · 0t walls · 3 gate(s)
Smoothed initial terrain · ◌ = detected wall gap · hover for details
Inputs per minute
— Jez - - Sir420Sm0keAl0t
Build order — Jez
First 150 of 207 actions detected
| 0:10 | Create | Villager (Male) |
| 0:10 | Create | Villager (Male) |
| 0:10 | Create | Villager (Male) |
| 0:11 | Create | Villager (Male) |
| 0:11 | Create | Villager (Male) |
| 0:11 | Create | Villager (Male) |
| 0:17 | Build | House |
| 0:56 | Build | House |
| 1:30 | Build | House |
| 1:33 | Build | House |
| 1:42 | Create | Villager (Male) |
| 2:31 | Create | Villager (Male) |
| 2:31 | Create | Villager (Male) |
| 2:31 | Create | Villager (Male) |
| 2:31 | Create | Villager (Male) |
| 2:37 | Build | Lumber Camp |
| 2:57 | Create | Villager (Male) |
| 3:21 | Create | Villager (Male) |
| 3:21 | Create | Villager (Male) |
| 3:51 | Create | Villager (Male) |
| 4:10 | Create | Villager (Male) |
| 4:47 | Create | Villager (Male) |
| 5:14 | Create | Villager (Male) |
| 5:33 | Create | Villager (Male) |
| 5:34 | Create | Villager (Male) |
| 5:34 | Create | Villager (Male) |
| 5:34 | Create | Villager (Male) |
| 5:52 | Create | Villager (Male) |
| 5:53 | Create | Villager (Male) |
| 5:53 | Create | Villager (Male) |
| 5:53 | Create | Villager (Male) |
| 6:22 | Create | Villager (Male) |
| 6:23 | Create | Villager (Male) |
| 8:07 | Build | Mill |
| 8:56 | Research | Feudal Age |
| 9:57 | Build | House |
| 9:57 | Build | House |
| 9:59 | Build | House |
| 9:59 | Build | House |
| 11:06 | Age | Feudal Age |
| 11:07 | Research | Wheelbarrow |
| 11:10 | Research | Double-Bit Axe |
| 11:13 | Research | Horse Collar |
| 11:16 | Create | Villager (Male) |
| 11:16 | Create | Villager (Male) |
| 11:16 | Create | Villager (Male) |
| 11:16 | Create | Villager (Male) |
| 11:16 | Create | Villager (Male) |
| 11:55 | Build | Barracks |
| 13:34 | Build | Farm |
| 13:35 | Build | Farm |
| 13:37 | Build | Farm |
| 13:38 | Build | Farm |
| 13:50 | Build | Farm |
| 13:51 | Build | Farm |
| 13:52 | Build | Farm |
| 13:54 | Build | Farm |
| 13:55 | Build | Farm |
| 13:56 | Build | Farm |
| 14:24 | Build | Farm |
| 14:28 | Build | Farm |
| 14:41 | Build | Farm |
| 14:58 | Build | Mining Camp |
| 15:15 | Create | Villager (Male) |
| 15:15 | Create | Villager (Male) |
| 15:15 | Create | Villager (Male) |
| 15:15 | Create | Villager (Male) |
| 15:15 | Create | Villager (Male) |
| 15:16 | Create | Villager (Male) |
| 15:16 | Create | Villager (Male) |
| 15:16 | Create | Villager (Male) |
| 15:16 | Create | Villager (Male) |
| 15:17 | Create | Villager (Male) |
| 15:17 | Create | Villager (Male) |
| 15:17 | Create | Villager (Male) |
| 15:17 | Create | Villager (Male) |
| 15:17 | Create | Villager (Male) |
| 15:18 | Create | Villager (Male) |
| 15:50 | Build | Stable |
| 17:03 | Build | Archery Range |
| 17:13 | Build | Blacksmith |
| 17:42 | Build | Farm |
| 17:50 | Build | Farm |
| 18:08 | Research | Gold Mining |
| 18:16 | Build | Farm |
| 18:44 | Build | Farm |
| 18:55 | Research | Castle Age |
| 19:54 | Research | Stone Mining |
| 20:50 | Research | Forging |
| 20:50 | Research | Fletching |
| 22:23 | Research | Scale Barding Armor |
| 22:50 | Build | House |
| 22:51 | Build | House |
| 22:51 | Build | House |
| 22:53 | Build | House |
| 23:20 | Age | Castle Age |
| 23:22 | Build | Town Center |
| 23:28 | Research | Hand Cart |
| 23:34 | Research | Heavy Plow |
| 23:39 | Create | Battle Elephant |
| 23:39 | Create | Battle Elephant |
| 23:39 | Create | Battle Elephant |
| 23:39 | Create | Battle Elephant |
| 23:40 | Create | Battle Elephant |
| 23:42 | Create | Elephant Archer |
| 23:42 | Create | Elephant Archer |
| 23:42 | Create | Elephant Archer |
| 23:58 | Create | Villager (Male) |
| 23:58 | Create | Villager (Male) |
| 23:58 | Create | Villager (Male) |
| 23:58 | Create | Villager (Male) |
| 23:59 | Create | Villager (Male) |
| 24:08 | Create | Villager (Male) |
| 24:09 | Create | Villager (Male) |
| 24:09 | Create | Villager (Male) |
| 24:09 | Create | Villager (Male) |
| 24:09 | Create | Villager (Male) |
| 24:09 | Create | Villager (Male) |
| 24:49 | Build | Siege Workshop |
| 25:56 | Build | Monastery |
| 26:14 | Build | Farm |
| 26:22 | Build | Farm |
| 26:28 | Create | Battle Elephant |
| 26:29 | Create | Battle Elephant |
| 26:31 | Create | Elephant Archer |
| 26:37 | Create | Battle Elephant |
| 26:37 | Create | Battle Elephant |
| 26:37 | Create | Battle Elephant |
| 26:37 | Create | Battle Elephant |
| 26:45 | Create | Villager (Male) |
| 26:46 | Create | Villager (Male) |
| 26:46 | Create | Villager (Male) |
| 26:46 | Create | Villager (Male) |
| 26:46 | Create | Villager (Male) |
| 26:47 | Create | Villager (Male) |
| 27:03 | Build | House |
| 27:04 | Build | House |
| 27:05 | Build | House |
| 27:06 | Build | House |
| 27:07 | Build | House |
| 27:08 | Build | House |
| 27:44 | Create | Armored Elephant |
| 27:44 | Create | Armored Elephant |
| 27:45 | Create | Armored Elephant |
| 28:09 | Create | Villager (Male) |
| 28:10 | Create | Villager (Male) |
| 28:24 | Create | Monk |
| 28:24 | Create | Monk |
| 28:25 | Create | Monk |
| 28:25 | Create | Monk |
Build order — Sir420Sm0keAl0t
First 150 of 184 actions detected
| 0:05 | Create | Villager (Male) ×4 |
| 0:06 | Research | Loom |
| 0:10 | Build | House |
| 0:17 | Build | House |
| 0:18 | Build | House |
| 0:19 | Build | House |
| 1:13 | Build | Mill |
| 2:06 | Create | Villager (Male) |
| 2:30 | Create | Villager (Male) |
| 3:01 | Create | Villager (Male) |
| 3:20 | Create | Villager (Male) |
| 3:38 | Create | Villager (Male) |
| 4:06 | Create | Villager (Male) |
| 4:36 | Create | Villager (Male) |
| 4:37 | Create | Villager (Male) |
| 5:13 | Create | Villager (Male) |
| 5:23 | Create | Villager (Male) |
| 5:37 | Build | Lumber Camp |
| 5:48 | Create | Villager (Male) |
| 6:45 | Create | Villager (Male) |
| 6:45 | Create | Villager (Male) |
| 6:47 | Create | Villager (Male) |
| 6:47 | Create | Villager (Male) |
| 7:13 | Create | Villager (Male) |
| 7:13 | Create | Villager (Male) |
| 7:44 | Build | House |
| 7:45 | Build | House |
| 7:48 | Build | House |
| 7:51 | Build | House |
| 8:06 | Build | Pasture |
| 9:00 | Create | Villager (Male) |
| 9:01 | Create | Villager (Male) |
| 9:51 | Create | Villager (Male) |
| 9:59 | Build | Barracks |
| 10:12 | Create | Villager (Male) |
| 10:29 | Build | House |
| 10:30 | Build | House |
| 10:39 | Create | Villager (Male) |
| 11:07 | Research | Feudal Age |
| 11:58 | Build | Mining Camp |
| 13:17 | Build | Pasture |
| 13:24 | Build | Pasture |
| 13:36 | Research | Wheelbarrow |
| 13:39 | Research | Double-Bit Axe |
| 14:14 | Build | Pasture |
| 14:20 | Create | Villager (Male) |
| 14:20 | Create | Villager (Male) |
| 14:55 | Research | Tech 1014 |
| 15:17 | Create | Villager (Male) |
| 15:20 | Build | Pasture |
| 15:36 | Build | Blacksmith |
| 15:52 | Create | Villager (Male) |
| 16:15 | Build | Stable |
| 16:22 | Create | Villager (Male) |
| 16:27 | Research | Gold Mining |
| 16:41 | Build | Mining Camp |
| 16:46 | Create | Villager (Male) |
| 17:22 | Create | Villager (Male) |
| 17:29 | Research | Castle Age |
| 17:47 | Build | Pasture |
| 17:58 | Research | Stone Mining |
| 18:03 | Research | Forging |
| 18:21 | Research | Scale Mail Armor |
| 19:53 | Research | Arson |
| 20:33 | Build | Town Center |
| 20:43 | Research | Hand Cart |
| 20:46 | Research | Bow Saw |
| 20:49 | Research | Tech 1013 |
| 21:00 | Research | Squires |
| 21:03 | Create | Fire Lancer |
| 21:04 | Create | Fire Lancer |
| 21:04 | Create | Fire Lancer |
| 21:05 | Create | Fire Lancer |
| 21:06 | Create | Fire Lancer |
| 21:08 | Create | Fire Lancer |
| 21:11 | Create | Fire Lancer |
| 21:27 | Create | Villager (Male) |
| 21:28 | Create | Villager (Male) |
| 21:53 | Create | Villager (Male) |
| 21:54 | Create | Villager (Male) |
| 21:54 | Create | Villager (Male) |
| 22:34 | Create | Villager (Male) |
| 22:40 | Build | Pasture |
| 22:43 | Create | Villager (Male) |
| 22:44 | Create | Villager (Male) |
| 23:20 | Build | Monastery |
| 23:24 | Create | Villager (Male) |
| 23:41 | Build | House |
| 23:42 | Build | House |
| 23:43 | Build | House |
| 23:44 | Build | House |
| 23:45 | Build | House |
| 23:46 | Build | House |
| 23:47 | Build | House |
| 23:48 | Build | House |
| 23:50 | Build | House |
| 23:51 | Build | House |
| 23:52 | Build | House |
| 23:56 | Create | Villager (Male) |
| 23:57 | Create | Villager (Male) |
| 24:09 | Build | University |
| 24:13 | Create | Monk |
| 24:14 | Research | Fervor |
| 24:15 | Create | Monk |
| 24:25 | Research | Stone Shaft Mining |
| 25:15 | Create | Villager (Male) |
| 25:16 | Create | Villager (Male) |
| 25:21 | Create | Villager (Male) |
| 25:21 | Create | Villager (Male) |
| 26:00 | Build | Pasture |
| 26:12 | Build | Pasture |
| 26:19 | Create | Villager (Male) |
| 26:19 | Create | Villager (Male) |
| 26:20 | Create | Villager (Male) |
| 26:21 | Create | Villager (Male) |
| 27:07 | Build | Castle |
| 27:23 | Build | Pasture |
| 27:25 | Research | Imperial Age |
| 27:32 | Create | Villager (Male) |
| 27:42 | Create | Villager (Male) |
| 27:42 | Create | Villager (Male) |
| 28:40 | Build | Pasture |
| 28:44 | Create | Villager (Male) |
| 29:27 | Build | Mining Camp |
| 29:34 | Build | Castle |
| 30:20 | Research | Iron Casting |
| 30:20 | Research | Chain Mail Armor |
| 30:27 | Research | Treadmill Crane |
| 30:47 | Research | Gambesons |
| 30:54 | Research | Tech 1012 |
| 31:00 | Research | Two-Man Saw |
| 31:28 | Build | Mining Camp |
| 32:06 | Create | Trebuchet (Packed) |
| 32:40 | Build | House |
| 32:41 | Build | House |
| 32:43 | Build | House |
| 32:43 | Build | House |
| 32:49 | Create | Villager (Male) |
| 32:49 | Create | Villager (Male) |
| 32:51 | Create | Villager (Male) |
| 32:51 | Create | Villager (Male) |
| 32:56 | Research | Plate Mail Armor |
| 33:02 | Research | Conscription |
| 33:16 | Research | Fortified Wall (upgrade) |
| 33:18 | Research | Masonry |
| 33:19 | Research | Ballistics |
| 33:21 | Research | Murder Holes |
| 33:32 | Build | Pasture |
| 33:37 | Create | Villager (Male) |
| 33:38 | Create | Villager (Male) |
Match timeline
| 9:59 | Sir420Sm0keAl0t · first_building Barracks |
| 11:06 | Jez · age_up feudal |
| 11:55 | Jez · first_building Barracks |
| 15:50 | Jez · first_building Stable |
| 16:15 | Sir420Sm0keAl0t · first_building Stable |
| 17:03 | Jez · first_building Archery Range |
| 23:20 | Jez · age_up castle |
| 23:20 | Sir420Sm0keAl0t · first_building Monastery |
| 24:49 | Jez · first_building Siege Workshop |
| 25:56 | Jez · first_building Monastery |
| 27:07 | Sir420Sm0keAl0t · first_building Castle |
| 28:54 | Jez · first_building Castle |
| 34:29 | Sir420Sm0keAl0t · wall_segment Stone Wall x2 |
| 37:48 | Jez · age_up imperial |
| 39:07 | Sir420Sm0keAl0t · wall_segment Stone Wall x5 |
| 39:15 | Sir420Sm0keAl0t · wall_segment Stone Wall x5 |
| 39:46 | Sir420Sm0keAl0t · resign |
[ AI ANALYSIS · 1 CREDIT ]
What really happened in this match?
Wolo.gg analyzes every decision: build order, eco, micro, common mistakes by bracket. Personalized analysis on WhatsApp or Discord in 30 seconds.
Civ guide
Dravidians
Map guide
Arena
Perfil
Jez